 Dungeon Crawl Stone Soup version 0.32-a0-909-gc671339a80 (webtiles) character file.

Game seed: 16453647156952813742

5264 GiantSquids the Skirmisher (level 10, -11/68 HPs)
             Began as a Coglin Hunter on Apr 7, 2024.
             Was a High Priest of Okawaru.
             Hit by a stone thrown by a centaur warrior (17 damage)
             ... on level 9 of the Dungeon.
             The game lasted 00:10:02 (6022 turns).

GiantSquids the Skirmisher (Coglin Hunter)          Turns: 6022, Time: 00:10:02

Health: -11/68     AC:  3    Str: 13    XL:     10   Next: 62%
Magic:  10/10      EV: 12    Int: 12    God:    Okawaru [*****.]
Gold:   458        SH:  0    Dex: 26    Spells: 9/9 levels left

rFire   . . .        a - +5 sling of Change {flame, Str+2 Int+4, a}
rCold   . . .        b - +2 sling {Hisao}
rNeg    . . .        m - +1 robe of Limited Liability {Dex+3 SInv}
rPois   .            (no helmet)
rElec   .            (no cloak)
rCorr   .            (no gloves)
SInv    +            (no boots)
Will    .....        (amulet unavailable)
Stlth   ++           (ring unavailable)
HPRegen 0.31/turn    (ring unavailable)
MPRegen 0.12/turn    (no gizmo)

%: no passive effects
@: revved
A: off-hand wielding, slow wielding, warmup strikes, no jewellery
a: Invent Gizmo, Renounce Religion, Heroism, Finesse, Duel


You were on level 9 of the Dungeon.
You worshipped Okawaru.
Okawaru was extremely pleased with you.
You visited 2 branches of the dungeon, and saw 10 of its levels.

You collected 458 gold pieces.

Inventory:

Hand Weapons
 a - the +5 sling of Change (weapon) {flame, Str+2 Int+4, a}
   (You found it on level 4 of the Dungeon)

   Str+2:     It affects your strength (+2).
   Int+4:     It affects your intelligence (+4).
 b - a +2 sling (offhand) {Hisao}
Missiles
 u - a throwing net
Armour
 j - a scarf of harm
 m - the +1 robe of Limited Liability (worn) {Dex+3 SInv}
   (You found it on level 2 of the Dungeon)

   Dex+3:     It affects your dexterity (+3).
   SInv:      It lets you see invisible.
Scrolls
 f - a scroll of enchant armour
 g - a scroll of blinking
 h - 3 scrolls of teleportation
 k - 2 scrolls of vulnerability
 n - a scroll of silence
 p - a scroll of noise
 q - 3 scrolls of revelation
 r - 2 scrolls of fog
 t - 2 scrolls of immolation
 v - a scroll of butterflies
Potions
 c - a potion of ambrosia
 d - a potion of lignification {unknown}
 e - 3 potions of heal wounds
 i - a potion of enlightenment {unknown}
 l - a potion of mutation {unknown}
 o - a potion of haste {unknown}
 s - a potion of magic {unknown}
 w - a potion of attraction {unknown}
 x - a potion of invisibility {unknown}


   Skills:
 + Level 2.4 Fighting
 + Level 14.3 Ranged Weapons
 + Level 2.1 Dodging
 + Level 1.3 Stealth


You had 9 spell levels left.
You didn't know any spells.
Your spell library contained the following spells:

 Spells                   Type           Power      Damage    Failure   Level
 Shock                    Conj/Air       0%         1d3       32%         1
 Inner Flame              Hex/Fire       0%         N/A       69%         3
 Maxwell's Portable Pile  Tloc           0%         2d(5-13)  69%         3
 Swiftness                Air            0%         N/A       69%         3
 Airstrike                Air            0%         2d(0-16)  97%         4
 Arcjolt                  Conj/Air       0%         1d10      100%        5
 Irradiate                Conj/Alch      0%         3d11      100%        5
 Ignition                 Fire           0%         3d3       100%        8
 Maxwell's Capacitive Co  Air            0%         ∞         100%        8


Dungeon Overview and Level Annotations

Branches:
Dungeon (9/15)             Temple (1/1) D:4
   Lair: D:8-11         Orc: D:9-12

Altars:
Cheibriados
Dithmenos
Elyvilon
Fedhas
Gozag
Hepliaklqana
Kikubaaqudgha
Nemelex Xobeh
Okawaru
Ru
Sif Muna
Trog
Xom
Zin

Shops:
D:3 =   D:5 [

Annotations:
D:2 1 runed translucent door, Crazy Yiuf


Innate Abilities, Weirdness & Mutations

You can wield a second weapon in your off-hand.
It takes a long time for you to wield or remove held weapons.
Your first few attacks do less damage.
You cannot equip rings or amulets.


Message History

The sling bullet hits the centaur warrior!
The centaur warrior is almost dead.
The centaur warrior throws a stone.
The stone hits you!!
The centaur warrior wields a +0 orcbow.
The centaur warrior shoots an arrow.
The arrow hits you!!
* * * LOW HITPOINT WARNING * * *
You shoot a sling bullet.
The sling bullet hits the centaur warrior.
The sling bullet burns the centaur warrior.
The centaur warrior is almost dead.
You shoot a sling bullet.
The sling bullet hits the centaur warrior.
The centaur warrior is almost dead.
You shoot a sling bullet. The sling bullet hits the yak!
The yak is moderately wounded.
You shoot a sling bullet. The sling bullet barely misses the yak.
You shoot a sling bullet. The sling bullet hits the yak.
The sling bullet burns the yak.
The yak is heavily wounded.
You shoot a sling bullet. The sling bullet barely misses the yak.
The sling bullet hits the yak.
The yak is lightly wounded.
You shoot a sling bullet. The sling bullet hits the yak!
The yak is severely wounded.
You shoot a sling bullet. The sling bullet hits the yak.
The sling bullet burns the yak.
The yak is almost dead.
You shoot a sling bullet. The sling bullet hits the yak.
The sling bullet burns the yak.
The yak is almost dead.
You shoot a sling bullet. The sling bullet hits the yak.
The yak is almost dead.
You shoot a sling bullet. The yak bellows!
The sling bullet hits the yak!
The sling bullet burns the yak.
You kill the yak!
Okawaru accepts your kill.
You shoot a sling bullet. The centaur warrior throws a stone.
The stone hits you!
You die...

#}.##... ..Y. ....
#..##).#. . ##### .†#..
.. #.... ## cY.# ...
#.... #.. #.). ...#
#.... ##...#..##...##
###.... ...............
....... ...#. #@# #.#
##.... ......#.# #.#
#.....
#.#...#.###.#######.....
......#.##..##..........
#..........<.........
##.##.......##.........#
.......†...............#
.........##.##[†..(....#
........(##.##.........#


You could see a centaur warrior and 2 yaks.

Vanquished Creatures
  A two-headed ogre (D:9)
  An ugly thing (D:9)
  Jeremiah (D:6)
  Sigmund (D:6)
  8 yaks
  3 wyverns (D:8)
  2 steam dragons
  2 water moccasins
  An orc warrior (D:7)
  A black bear (D:7)
  An ice beast (D:6)
  An ogre (D:4)
  2 centaurs
  2 phantoms (D:4)
  2 bullfrogs
  A scorpion (D:6)
  5 wights (D:8)
  A howler monkey (D:7)
  5 orc priests
  A gnoll bouda (D:5)
  3 jellies
  3 iguanas
  A sleepcap (D:4)
  8 orc wizards
  3 gnolls (D:5)
  8 adders
  A shadow imp (D:7)
  3 white imps
  2 ufetubi (D:6)
  3 dart slugs
  6 ribbon worms
  33 orcs
  7 bats
  2 endoplasms (D:2)
  6 giant cockroaches
  5 goblins
  13 hobgoblins
  3 jackals (D:2)
  3 quokkas
  8 ball pythons
  9 kobolds
  7 rats
179 creatures vanquished.

Notes
Turn   | Place    | Note
-------+----------+-------------------------------------------
     0 | D:1      | GiantSquids the Coglin Hunter began the quest for the Orb.
     0 | D:1      | Reached XP level 1. HP: 16/16 MP: 1/1
    82 | D:1      | Reached skill level 4 in Ranged Weapons
    82 | D:1      | Reached XP level 2. HP: 22/22 MP: 2/2
   356 | D:1      | Reached XP level 3. HP: 27/27 MP: 3/3
   548 | D:2      | Identified the +7 war axe of Tubovudgh {freeze, rC+}
   750 | D:2      | Reached skill level 5 in Ranged Weapons
   750 | D:2      | Reached XP level 4. HP: 33/33 MP: 4/4
   776 | D:2      | Identified the +1 robe of Limited Liability {Dex+3 SInv}
   786 | D:2      | Found a faded altar of an unknown god.
  1134 | D:2      | Found a runed translucent door.
  1135 | D:2      | Noticed Crazy Yiuf
  1490 | D:3      | Found a shadowy altar of Dithmenos.
  1493 | D:3      | Found a white marble altar of Elyvilon.
  1668 | D:3      | Found Esuxtex's Jewellery Emporium.
  1691 | D:3      | Reached XP level 5. HP: 38/38 MP: 5/5
  1967 | D:4      | Noticed a phantom
  1972 | D:4      | Killed a phantom
  1973 | D:4      | Reached skill level 6 in Ranged Weapons
  2005 | D:4      | Reached XP level 6. HP: 37/44 MP: 6/6
  2035 | D:4      | Found a staircase to the Ecumenical Temple.
  2055 | Temple   | Entered the Ecumenical Temple
  2060 | Temple   | Became a worshipper of Warmaster Okawaru
  2111 | D:4      | Reached skill level 7 in Ranged Weapons
  2398 | D:4      | Reached XP level 7. HP: 50/50 MP: 7/7
  2438 | D:4      | Found a glowing silver altar of Zin.
  2454 | D:4      | Identified the +5 sling of Change {flame, Str+2 Int+4}
  2731 | D:5      | Entered Level 5 of the Dungeon
  2807 | D:5      | Found Kofay's Armour Shop.
  3158 | D:5      | Reached * piety under Okawaru
  3173 | D:5      | Reached skill level 8 in Ranged Weapons
  3419 | D:6      | Noticed Sigmund
  3422 | D:6      | Killed Sigmund
  3423 | D:6      | Reached skill level 9 in Ranged Weapons
  3423 | D:6      | Reached XP level 8. HP: 56/56 MP: 8/8
  3456 | D:6      | Noticed Jeremiah
  3466 | D:6      | Killed Jeremiah
  3466 | D:6      | Reached ** piety under Okawaru
  3720 | D:6      | Reached skill level 10 in Ranged Weapons
  4030 | D:6      | Reached XP level 9. HP: 61/61 MP: 9/9
  4133 | D:7      | Reached skill level 11 in Ranged Weapons
  4281 | D:7      | Found a faded altar of an unknown god.
  4284 | D:7      | Found a hazy altar of Hepliaklqana.
  4298 | D:7      | Reached *** piety under Okawaru
  5008 | D:8      | Reached skill level 12 in Ranged Weapons
  5770 | D:9      | Noticed a purple ugly thing
  5777 | D:9      | Killed a purple ugly thing
  5777 | D:9      | Reached **** piety under Okawaru
  5778 | D:9      | Reached skill level 13 in Ranged Weapons
  5778 | D:9      | Reached XP level 10. HP: 62/67 MP: 10/10
  5989 | D:9      | Noticed a two-headed ogre
  5994 | D:9      | Killed a two-headed ogre
  5994 | D:9      | Reached ***** piety under Okawaru
  5995 | D:9      | Reached skill level 14 in Ranged Weapons
  6004 | D:9      | Reached skill level 1 in Stealth
  6012 | D:9      | Noticed a centaur warrior
  6022 | D:9      | Hit by a stone thrown by a centaur warrior

Illustrated notes

Levels and vault maps discovered:
D:1:      tarquinn_simple_flora_water_d, layout_rooms, hex_tiny
D:2:      layout_basic, ebering_ecumenical_altar_hall, uniq_crazy_yiuf_cottage
D:3:      layout_loops_ring, minitemple, serial_shops,
          nicolae_shop_advertising_works [nicolae_subvault_shop_adworks]
D:4:      layout_gridville, nicolae_overflow_hidden_temple,
          minmay_temple_entry_purple_smoke, nicolae_wormholes
D:5:      layout_loops_cross, serial_shops, shop
D:6:      layout_loops_ring, nicolae_half_adder, uniq_sigmund, uniq_jeremiah
D:7:      layout_loops_ring, beargit_hepliaklqana_dungeon_heroes
D:8:      layout_basic
D:9:      layout_rooms, marbit_many_paths, grunt_temple_overflow_open,
          minmay_bent
Temple:   hellmonk_temple_micro_hex

Skill      XL: |  1  2  3  4  5  6  7  8  9 10 |
---------------+-------------------------------+-----
Ranged Weapons | 4 5 6 7 9 10 13 14 | 14.3
Dodging        | 2 |  2.1
Stealth        | 1 |  1.3
Fighting       | |  2.4

Action                     |  1- 3 |  4- 6 |  7- 9 | 10-12 || total
---------------------------+-------+-------+-------+-------++-------
   Fire: Sling             |   134 |   200 |   466 |   118 ||   918
    Use: Scroll            |       |       |    11 |       ||    11
 Armour: Leather armour    |     2 |     3 |       |       ||     5
         Robe              |       |     4 |    10 |    12 ||    26
  Dodge: Dodged            |     9 |     8 |    16 |    14 ||    47

Table legend: (Time is in decaauts)
 A = Elapsed time spent in this place.
 B = Non-inter-level travel time spent in this place.
 C = Inter-level travel time spent in this place.
 D = Time resting spent in this place.
 E = Time spent auto-exploring this place.
 F = Levels seen in this place.
 G = Mean time per level.
                   A        B        C        D        E       F      G
               +--------+--------+--------+--------+--------+-----+--------+
         Total |   6002 |   5660 |    342 |     90 |   4772 |  10 |  600.2 |
       Dungeon |   5991 |   5653 |    338 |     90 |   4772 |   9 |  665.7 |
        Temple |     10 |      6 |      4 |      0 |      0 |   1 |   10.0 |
               +--------+--------+--------+--------+--------+-----+--------+

Top non-repeatable levels by time:
     D:8: 1058 daAuts
     D:4: 793 daAuts
     D:3: 748 daAuts
     D:6: 743 daAuts
     D:2: 732 daAuts
     D:7: 666 daAuts
     D:5: 636 daAuts
     D:1: 471 daAuts
     D:9: 143 daAuts
  Temple: 10 daAuts
